 Dungeon Crawl Stone Soup version 0.30-a0-34-gbe8da3892a (webtiles) character file.

Game seed: 12899337697636466666

42 Nedwor the Trooper (level 3, 29/29 HPs)
             Began as a Demonspawn Fighter on Aug 26, 2022.
             Quit the game on level 2 of the Dungeon on Aug 27, 2022.
             The game lasted 00:02:40 (1357 turns).

Nedwor the Trooper (Demonspawn Fighter)             Turns: 1357, Time: 00:02:40

Health: 29/29      AC:  6    Str: 18    XL:     3   Next: 33%
Magic:  3/3        EV:  9    Int:  9    God:
Gold:   56         SH:  9    Dex: 12    Spells: 2/2 levels left

rFire   . . .      SeeInvis .    a - +0 rapier
rCold   . . .      Faith    .    c - +0 buckler
rNeg    . . .      Spirit   .    b - +0 scale mail
rPois   .          Reflect  +    (no helmet)
rElec   .          Harm     .    (no cloak)
rCorr   .          Rampage  .    (no gloves)
Will    .....                    (no boots)
Stlth   ..........               g - amulet of reflection
HPRegen 0.09/turn                (no ring)
MPRegen 0.08/turn                (no ring)

@: no status effects
A: hooves 1, foul stench 1
a: no special abilities


You were on level 2 of the Dungeon.
You visited 1 branch of the dungeon, and saw 2 of its levels.

You collected 56 gold pieces.

Inventory:

Hand Weapons
 a - a +0 rapier (weapon)
Armour
 b - a +0 scale mail (worn)
 c - a +0 buckler (worn)
Jewellery
 g - an amulet of reflection (around neck)
Scrolls
 i - a scroll of silence {unknown}
Potions
 d - a potion of might
 e - a potion of flight {unknown}
 f - a potion of heal wounds {unknown}
 h - a potion of curing {unknown}


   Skills:
 + Level 3.2 Fighting
 * Level 2.5 Short Blades
 + Level 2.9 Armour
 + Level 0.8 Dodging
 + Level 2.9 Shields


You had 2 spell levels left.
You didn't know any spells.
Your spell library contained the following spells:

 Spells                   Type           Power      Damage    Failure   Level
 Shock                    Conj/Air       0%         1d3       86%         1
 Dazzling Flash           Conj/Hex       0%         N/A       99%         3
 Swiftness                Air            0%         N/A       99%         3
 Airstrike                Air            0%         2d(0-16)  100%        4
 Agony                    Necr           0%         N/A       100%        5
 Silence                  Hex/Air        0%         N/A       100%        5


Dungeon Overview and Level Annotations

Branches:
Dungeon (2/15)

Altars:


Innate Abilities, Weirdness & Mutations

You have large cloven feet.
You may rarely emit foul miasma when damaged in melee.


Message History

You closely miss the bat. You kick the bat.
You kill the bat!
No target in view!
No target in view!
No target in view!
No target in view!
No target in view!
No target in view!
No target in view!
No target in view!
A ball python comes into view.
The ball python hisses angrily.
A ball python is nearby!
A ball python is nearby!
You closely miss the ball python. Your kick misses the ball python.
The ball python bites you but does no damage.
You block the ball python's attack.
You hit the ball python.
You kill the ball python!
No target in view!
No target in view!
No target in view!
No target in view!
No target in view!
No target in view!
No target in view!
No target in view!
No target in view!
A hobgoblin comes into view.
A hobgoblin is nearby!
A hobgoblin is nearby!
A bat comes into view.
You hit the hobgoblin.
The hobgoblin is heavily wounded.
The bat misses you. The hobgoblin barely misses you.
You hit the hobgoblin. Your kick misses the hobgoblin.
The hobgoblin is severely wounded.
The bat hits you but does no damage. The bat barely misses you.
The hobgoblin barely misses you.
Are you sure you want to abandon this character and quit the game? (Confirm with "yes".)

######################
......................
###...########.#######
#...# #.#
###...########.#########
................@g......
###......####.b#####.###
# #......# #...
#............# #
#..........b.. #
#.#.####.##.## ###.#.#
#. #. ....... . .. ...


You could see a hobgoblin and a bat.

Vanquished Creatures
  A dart slug (D:1)
  3 bats
  2 endoplasms (D:1)
  2 giant cockroaches (D:1)
  2 goblins (D:1)
  3 hobgoblins (D:1)
  7 jackals (D:1)
  3 kobolds (D:1)
  2 quokkas (D:1)
  4 ball pythons
  4 frilled lizards (D:1)
  A rat (D:1)
34 creatures vanquished.

Vanquished Creatures (others)
  25 plants (D:1)
25 creatures vanquished.

Grand Total: 59 creatures vanquished

Notes
Turn   | Place    | Note
-------+----------+-------------------------------------------
     0 | D:1      | Nedwor the Demonspawn Fighter began the quest for the Orb.
     0 | D:1      | Reached XP level 1. HP: 18/18 MP: 1/1
     0 | D:1      | Upgraded the game from 0.30-a0-29-g142975f185 to
                  | 0.30-a0-34-gbe8da3892a
   309 | D:1      | Gained mutation: You may rarely emit foul miasma when
                  | damaged in melee. [demonic ancestry]
   309 | D:1      | Reached XP level 2. HP: 10/24 MP: 2/2
   825 | D:1      | Gained mutation: You have large cloven feet. [demonic
                  | ancestry]
   825 | D:1      | Reached XP level 3. HP: 20/29 MP: 3/3
  1357 | D:2      | Quit the game

Illustrated notes

Levels and vault maps discovered:
D:1:      matt_arrival_spirals, layout_rooms, minivault_24,
          serial_bayou_lagoon_a
D:2:      mumra_celtic_spiral_tile, layout_basic, basic_altar,
          dreamdust_princess_bridge, uniq_robin

Skill      XL: |  1 |
---------------+----+-----
Short Blades   | 2 |  2.5
Fighting       | |  3.2
Armour         | |  2.9
Dodging        | |  0.8
Shields        | |  2.9

Action                   || total
-------------------------++-------
Melee: Rapier            ||   115
       Kick              ||     7
Armor: Scale mail        ||    76
Dodge: Dodged            ||    90
Block: Buckler           ||    36

Table legend: (Time is in decaauts)
 A = Elapsed time spent in this place.
 B = Non-inter-level travel time spent in this place.
 C = Inter-level travel time spent in this place.
 D = Time resting spent in this place.
 E = Time spent auto-exploring this place.
 F = Levels seen in this place.
 G = Mean time per level.
                   A        B        C        D        E       F      G
               +--------+--------+--------+--------+--------+-----+--------+
         Total |   1374 |   1336 |     38 |    183 |    869 |   2 |  687.0 |
       Dungeon |   1374 |   1336 |     38 |    183 |    869 |   2 |  687.0 |
               +--------+--------+--------+--------+--------+-----+--------+

Top non-repeatable levels by time:
     D:1: 1326 daAuts
     D:2: 48 daAuts
